 Dungeon Crawl Stone Soup version 0.31.0-9-g3a7656b989 (webtiles) character file.

Game seed: 5308293095239334111

87 qw the Shooter (level 4, 0/25 HPs)
             Began as a Deep Elf Hunter on Feb 2, 2024.
             Slain by Ijyb
             ... wielding a +2 dagger of venom
              (1 damage)
             ... on level 3 of the Dungeon.
             The game lasted 00:00:05 (1223 turns).

qw the Shooter (Deep Elf Hunter)                    Turns: 1223, Time: 00:00:06

Health: 0/25       AC:  8    Str: 10    XL:     4   Next: 28%
Magic:  0/6        EV: 11    Int: 14    God:
Gold:   68         SH:  0    Dex: 18    Spells: 3/3 levels left

rFire   . . .        a - +0 shortbow
rCold   . . .        (shield currently unavailable)
rNeg    . . .        e - +0 ring mail
rPois   .            (no helmet)
rElec   .            (no cloak)
rCorr   .            d - +2 pair of gloves
SInv    .            (no boots)
Will    .....        h - amulet of guardian spirit
Stlth   +            (no ring)
HPRegen 0.24/turn    (no ring)
MPRegen 0.10/turn

%: guardian spirit
@: lethally poisoned (0 -> -7)
A: no striking features
a: no special abilities


You were on level 3 of the Dungeon.
You visited 1 branch of the dungeon, and saw 3 of its levels.

You collected 68 gold pieces.


   Skills:
 - Level 1.5 Fighting
 + Level 7.7 Ranged Weapons
 - Level 2.4 Dodging
 - Level 1.2 Stealth


You had 3 spell levels left.
You didn't know any spells.
Your spell library was empty.

Inventory:

Hand Weapons
 a - a +0 shortbow (weapon)
Armour
 d - a +2 pair of gloves (worn)
 e - a +0 ring mail (worn)
Jewellery
 h - an amulet of guardian spirit (around neck)
Potions
 i - a potion of might {unknown}

Dungeon Overview and Level Annotations

Branches:
Dungeon (3/15)

Altars:

Annotations:
D:3 Ijyb


Message History

You shoot an arrow. The arrow hits the kobold.
The kobold shouts!
The kobold is severely wounded.
You shoot an arrow. The arrow barely misses the kobold.
You shoot an arrow. The arrow hits the kobold.
You kill the kobold!
Ijyb the Twisted Goblin comes into view.
She is wielding a +2 dagger of venom and carrying a wand of iceblast.
You shoot an arrow. The arrow hits Ijyb.
Ijyb is lightly wounded.
Ijyb zaps a wand.
The mass of ice explodes!
The iceblast engulfs you!
Ijyb zaps a wand.
The mass of ice explodes!
The iceblast engulfs you!
1212 ||| FLEEEEING.
You start resting.
Ijyb is nearby!
1214 ||| FLEEEEING.
You start resting.
Ijyb is nearby!
You shoot an arrow. The arrow barely misses Ijyb.
You shoot an arrow. The arrow hits Ijyb.
Ijyb is lightly wounded.
You shoot an arrow. The arrow hits Ijyb but does no damage.
Ijyb is lightly wounded.
Ijyb screams, "Me stronger than you!"
You shoot an arrow. The arrow hits Ijyb but does no damage.
Ijyb is lightly wounded.
Ijyb hits you with a +2 dagger of venom.
You are poisoned.
You shoot an arrow. The arrow hits Ijyb but does no damage.
Ijyb is lightly wounded.
You feel sick. Ijyb hits you but does no damage.
You are lethally poisoned!
You shoot an arrow. The arrow hits Ijyb.
Ijyb is lightly wounded.
You feel very sick. Ijyb hits you but does no damage.
You shoot an arrow. The arrow hits Ijyb.
Ijyb is moderately wounded.
You feel very sick.
Ijyb hits you with a +2 dagger of venom. x2
You die...

# ..
#.######
#......####
#.#...g@..#
#.##.##.#
.. #.##.#
.g# #.##.#
.. #.##.# .
..##.###
####...#
###.#
####.####


You could see Ijyb.

Vanquished Creatures
  Jessica (D:2)
  An adder (D:2)
  A dart slug (D:2)
  A ribbon worm (D:2)
  4 bats
  5 endoplasms
  3 giant cockroaches
  A hobgoblin (D:1)
  4 jackals
  2 quokkas
  6 ball pythons
  4 frilled lizards
  3 goblins (D:1)
  5 kobolds
  6 rats
47 creatures vanquished.

Notes
Turn   | Place    | Note
-------+----------+-------------------------------------------
     0 | D:1      | qw the Deep Elf Hunter began the quest for the Orb.
     0 | D:1      | Reached XP level 1. HP: 12/12 MP: 3/3
     0 | D:1      | 0 ||| qw: Version: 0.3-a-155-g5e7d8dd
     0 | D:1      | 0 ||| qw: Game counter: 1481
     0 | D:1      | 0 ||| qw: Melee chars always use a shield: true
     0 | D:1      | 0 ||| qw: God list: Okawaru
     0 | D:1      | 0 ||| qw: Allow faded altars: false
     0 | D:1      | 0 ||| qw: Do Orc after clearing Dungeon:15 true
     0 | D:1      | 0 ||| qw: Do second Lair branch before Depths: true
     0 | D:1      | 0 ||| qw: Lair rune preference: random
     0 | D:1      | 0 ||| qw: Goals: Normal
     0 | D:1      | 0 ||| PLANNING D:1-11
   193 | D:1      | Reached XP level 2. HP: 16/16 MP: 4/4
   207 | D:1      | Reached skill level 6 in Ranged Weapons
   583 | D:1      | 583 ||| UPGRADING to +1 pair of gloves.
   588 | D:1      | 588 ||| DROPPING scroll of butterflies.
   597 | D:2      | 597 ||| STAIRDANCE
   603 | D:2      | 603 ||| STAIRDANCE
   646 | D:2      | 646 ||| STAIRDANCE
   682 | D:2      | Reached XP level 3. HP: 20/20 MP: 5/5
   851 | D:2      | Reached skill level 7 in Ranged Weapons
  1077 | D:2      | Noticed Jessica
  1083 | D:2      | Killed Jessica
  1084 | D:2      | Reached XP level 4. HP: 25/25 MP: 6/6
  1156 | D:2      | 1156 ||| UPGRADING to +0 ring mail.
  1166 | D:2      | 1166 ||| DROPPING +0 leather armour.
  1167 | D:2      | 1167 ||| UPGRADING to amulet of guardian spirit.
  1172 | D:2      | 1172 ||| READING scroll labelled BAINNA UGAEXT.
  1173 | D:2      | 1173 ||| READING scroll labelled EHUDUE QE PIAPT.
  1173 | D:2      | 1173 ||| ENCHANTING +1 pair of gloves.
  1174 | D:2      | 1174 ||| READING scroll labelled HAISA JILI.
  1210 | D:3      | Noticed Ijyb
  1211 | D:3      | HP: 6/25 [Ijyb/iceblast (8)]
  1212 | D:3      | 1212 ||| FLEEEEING.
  1214 | D:3      | 1214 ||| FLEEEEING.
  1222 | D:3      | HP: 4/25 [poisoned by Ijyb]
  1223 | D:3      | HP: 1/25 [Ijyb/+2 dagger of venom (1)]
  1223 | D:3      | Slain by Ijyb

Levels and vault maps discovered:
D:1:      wander_arrival_peaceful_grave, layout_loops_ring,
          hangedman_decor_slide_cut, minmay_crystal_room
D:2:      layout_rooms, corexii_item_surrounded_by_moat,
          corexii_leaking_fountain, minivault_23, uniq_jessica
D:3:      layout_loops_cross, serial_shops, shop, minmay_misc_feat_more_columns,
          uniq_terence, uniq_ijyb, uniq_natasha

Skill      XL: |  1  2  3 |
---------------+----------+-----
Ranged Weapons | 6 7 |  7.7
Fighting       | |  1.5
Dodging        | |  2.4
Stealth        | |  1.2

Action                     |  1- 3 |  4- 6 || total
---------------------------+-------+-------++-------
   Fire: Shortbow          |   116 |    14 ||   130
    Use: Scroll            |       |     3 ||     3
 Armour: Leather armour    |    34 |       ||    34
         Ring mail         |       |     7 ||     7
  Dodge: Dodged            |    23 |       ||    23

Table legend:
 A = Non-vault XP
 B = Vault XP
 C = Vault XP percentage of total XP
 D = Non-vault monster count
 E = Vault monster count
 F = Vault count percentage of total count
                 A         B        C        D         E       F
            +---------+---------+-------+---------+---------+-------
      Total |      88 |      37 |  29.6 |      46 |       1 |   2.1
            +---------+---------+-------+---------+---------+-------
        D:1 |      35 |       0 |   0.0 |      24 |       0 |   0.0
        D:2 |      49 |      37 |  43.0 |      20 |       1 |   4.8
        D:3 |       4 |       0 |   0.0 |       2 |       0 |   0.0
            +---------+---------+-------+---------+---------+-------
